 Dungeon Crawl Stone Soup version 0.23.1-44-gbd83930989 (webtiles) character file.

Game seed: 158607518234282932

111 PentaManta the Sneak (level 4, -2/31 HPs)
             Began as an Octopode Fighter on Mar 30, 2019.
             Slain by a gnoll
             ... wielding a +0 spear of flaming
              (10 damage)
             ... on level 3 of the Dungeon.
             The game lasted 00:03:43 (1221 turns).

PentaManta the Sneak (Octopode Fighter)             Turns: 1221, Time: 00:03:44

Health: -2/31      AC:  1    Str: 15    XL:     4   Next: 92%
Magic:  4/4        EV: 12    Int: 10    God:
Gold:   88         SH:  8    Dex: 12    Spells: 3/3 levels left

rFire    . . .     SeeInvis .   a - +0 long sword
rCold    . . .     Gourm    .   b - +0 shield
rNeg     . . .     Faith    .   (helmet restricted)
rPois    .         Spirit   .   (no amulet)
rElec    .         Reflect  .   (no ring)
rCorr    .         Harm     .   (no ring)
MR       .....                  (no ring)
Stlth    ++++......             (no ring)
HPRegen  0.10/turn              (no ring)
MPRegen  0.09/turn              (no ring)
                                (no ring)
                                (no ring)

@: no status effects
A: almost no armour, stealthy swim, amphibious, 8 rings, constrict 8, camouflage
1, gelatinous body 1
a: no special abilities


You were on level 3 of the Dungeon.
You were not hungry.

You visited 1 branch of the dungeon, and saw 3 of its levels.

You collected 88 gold pieces.

Inventory:

Hand Weapons
 a - a +0 long sword (weapon)
Armour
 b - a +0 shield (worn)
Jewellery
 g - an uncursed amulet of harm {unknown}
Scrolls
 f - a scroll of remove curse
 h - a scroll of identify {unknown}
 j - a scroll of noise {unknown}
Potions
 c - 2 potions of might
 e - 3 potions of haste {unknown}
 i - a potion of flight {unknown}
 k - a potion of lignification {unknown}
Comestibles
 d - 4 rations


   Skills:
 - Level 3.0 Fighting
 + Level 3.0 Long Blades
 + Level 3.7 Dodging
 * Level 4.2 Stealth
 - Level 3.0 Shields


You had 3 spell levels left.
You didn't know any spells.
Your spell library was empty.

Dungeon Overview and Level Annotations

Branches:
Dungeon (3/15)

Altars:


Innate Abilities, Weirdness & Mutations

You cannot wear most types of armour.
You are very stealthy in the water. (Stealth+)
You are amphibious.
You can wear up to eight rings at the same time.
You can use your tentacles to constrict eight enemies at once.
Your skin changes colour to match your surroundings (Stealth+).
Your rubbery body absorbs attacks. (AC +1, EV +1)


Message History

Your Long Blades skill increases to level 3!
You constrict the gnoll. The gnoll barely misses you. The gnoll hits you.
You block the goblin's attack.
You release your grip on the gnoll.
You closely miss the gnoll. Your grab misses the gnoll.
The gnoll is lightly wounded.
You block the gnoll's attack. The goblin barely misses you.
You riposte.
Your shield prevents you from hitting the goblin.
Your grab misses the goblin. You squeeze the goblin.
You kill the goblin!
You block the gnoll's attack.
The gnoll hits you with a +0 spear of flaming!
The gnoll burns you.
* * * LOW HITPOINT WARNING * * *
Things that are here:
a scroll labeled BYOZEPR CIGA; a throwing net You hit the gnoll but do no damage.
You grab the gnoll. You constrict the gnoll. You block the gnoll's attack.
The gnoll hits you with a +0 spear of flaming!
You die...

........#+#.......... ##
...................# ...
..................
...####).....#........
....................###
.#.###.#........[....
+...............#.######
#..<........(#g#........
#.#...........@g.....#
#......#...#.#.......#
...........#.#.......#
####.................#
.....#.###.#.......#
.##...#.............#
#...#######....#### #..
...### #...


You could see 2 gnolls.

Vanquished Creatures
  2 gnolls (D:3)
  An adder (D:2)
  An ooze (D:1)
  An adder skeleton (D:2)
  2 worms (D:2)
  3 dart slugs
  3 leopard geckos
  8 bats
  A bat skeleton (D:2)
  6 giant cockroaches
  8 goblins
  6 hobgoblins
  3 quokkas (D:2)
  2 ball pythons (D:1)
  3 frilled lizards
  7 kobolds
  4 rats
61 creatures vanquished.

Vanquished Creatures (others)
  3 ghouls (D:1)
  A minotaur (D:1)
  A draconian (D:1)
  An octopode (D:1)
  2 vine stalkers (D:1)
  A formicid (D:1)
  A vampire (D:1)
  2 nagas (D:1)
  An ogre (D:1)
  2 centaurs (D:1)
  9 tentacles (D:1)
24 creatures vanquished.

Grand Total: 85 creatures vanquished

Notes
Turn   | Place    | Note
-------+----------+-------------------------------------------
     0 | D:1      | PentaManta the Octopode Fighter began the quest for the
                  | Orb.
     0 | D:1      | Reached XP level 1. HP: 16/16 MP: 1/1
     2 | D:1      | Noticed a vine stalker
     2 | D:1      | Noticed a vine stalker
     2 | D:1      | Noticed a vampire
     2 | D:1      | Noticed a formicid
     2 | D:1      | Noticed a minotaur
     2 | D:1      | Noticed an ogre
     2 | D:1      | Noticed a centaur
     2 | D:1      | Noticed a kraken
     2 | D:1      | Noticed a ghoul
     2 | D:1      | Noticed an octopode
     2 | D:1      | Noticed a naga
     2 | D:1      | Noticed a ghoul
     2 | D:1      | Noticed a draconian
     2 | D:1      | Noticed a centaur
     2 | D:1      | Noticed a ghoul
     2 | D:1      | Noticed a naga
     3 | D:1      | Killed an ogre
     3 | D:1      | Killed a centaur
     3 | D:1      | Killed a draconian
     7 | D:1      | Killed a minotaur
     7 | D:1      | Killed an octopode
     7 | D:1      | Killed a formicid
     9 | D:1      | Killed a vampire
     9 | D:1      | Killed a vine stalker
    10 | D:1      | Killed a naga
    10 | D:1      | Killed a centaur
    10 | D:1      | Killed a vine stalker
    12 | D:1      | Killed a ghoul
    15 | D:1      | Killed a ghoul
    17 | D:1      | Killed a ghoul
    20 | D:1      | Killed a naga
    75 | D:1      | Reached skill level 1 in Stealth
   115 | D:1      | Reached XP level 2. HP: 21/21 MP: 2/2
   174 | D:1      | Reached skill level 2 in Stealth
   348 | D:1      | Reached XP level 3. HP: 26/26 MP: 3/3
   518 | D:2      | Reached skill level 3 in Stealth
   671 | D:2      | Reached XP level 4. HP: 31/31 MP: 4/4
  1211 | D:3      | Reached skill level 4 in Stealth
  1221 | D:3      | Slain by a gnoll

Skill      XL: |  1  2  3  4 |
---------------+-------------+-----
Stealth        | 1 2 3 4 |  4.2
Long Blades    | 3 |  3.0
Fighting       | |  3.0
Dodging        | |  3.7
Shields        | |  3.0

Action                   |  1- 3 |  4- 6 || total
-------------------------+-------+-------++-------
Melee: Long sword        |    51 |    48 ||    99
       Constrict         |    20 |    18 ||    38
       Tentacles         |    14 |    16 ||    30
  Use: Scroll            |     1 |       ||     1
 Stab: Sleeping          |     5 |     6 ||    11
  Eat: Chunk             |       |     1 ||     1
Armor: Skin              |     3 |     3 ||     6
Dodge: Dodged            |    16 |    30 ||    46
Block: Shield            |    20 |    24 ||    44
       Rpst.: Long sword |     5 |    10 ||    15
